 Dungeon Crawl Stone Soup version 0.21.1-1-g345015f (webtiles) character file.

100 inc the Conjurer (level 4, -1/27 HPs)
             Began as an Octopode Conjurer on June 12, 2018.
             Slain by an orc
             ... wielding a +0 short sword
              (2 damage)
             ... on level 4 of the Dungeon.
             The game lasted 00:02:26 (2140 turns).

inc the Conjurer (Octopode Conjurer)                Turns: 2140, Time: 00:02:27

Health: -1/27      AC:  1    Str:  7    XL:     4   Next: 73%
Magic:  0/7        EV: 13    Int: 18    God:
Gold:   111        SH:  0    Dex: 12    Spells: 4/7 levels left

rFire    . . .     SeeInvis .   (no weapon)
rCold    . . .     Gourm    .   (no shield)
rNeg     . . .     Faith    .   (helmet restricted)
rPois    .         Spirit   .   (no amulet)
rElec    .         Reflect  .   i - ring of loudness (curse)
rCorr    .         Harm     .   (no ring)
MR       .....                  (no ring)
Stlth    ++........             (no ring)
HPRegen  0.09/turn              (no ring)
MPRegen  0.10/turn              (no ring)
                                (no ring)
                                (no ring)

@: no status effects
A: almost no armour, stealthy swim, amphibious, 8 rings, constrict 8, camouflage
1, gelatinous body 1
a: no special abilities


You were on level 4 of the Dungeon.
You were hungry.

You visited 1 branch of the dungeon, and saw 4 of its levels.

You collected 111 gold pieces.

Inventory:

Jewellery
 i - a cursed ring of loudness (left tentacle)
Scrolls
 c - 2 scrolls of remove curse {unknown}
 f - a scroll of enchant weapon {unknown}
 g - a scroll of random uselessness {unknown}
 k - a scroll of identify {unknown}
 l - a scroll of fear {unknown}
 m - a scroll of teleportation {unknown}
Potions
 d - a potion of invisibility {unknown}
 e - a potion of mutation {unknown}
 h - a potion of haste {unknown}
 j - 2 potions of degeneration {unknown}
 n - a potion of flight {unknown}
Books
 a - a book of Conjurations

   Spells                             Type                      Level
   a - Magic Dart                     Conjuration                  1
   b - Searing Ray                    Conjuration                  2
   c - Dazzling Spray                 Conjuration/Hexes            3
   d - Fulminant Prism                Conjuration/Hexes            4
   e - Force Lance                    Conjuration/Translocation    4
   f - Iskenderun's Mystic Blast      Conjuration                  4
Comestibles
 b - 4 rations


   Skills:
 - Level 2.0 Dodging
 - Level 2.6 Stealth
 + Level 2.3 Spellcasting
 + Level 5.7 Conjurations


You had 4 spell levels left.
You knew the following spells:

 Your Spells              Type           Power        Failure   Level  Hunger
a - Magic Dart            Conj           ###.         1%          1    #......
b - Searing Ray           Conj           ###...       2%          2    ##.....


Dungeon Overview and Level Annotations

Branches:
Dungeon (4/15)
 Temple: D:4-7

Altars:
Nemelex Xobeh
Uskayaw

Annotations:
D:3 doot's ghost, amateur MfSk


Innate Abilities, Weirdness & Mutations

You cannot wear most types of armour.
You are very stealthy in the water. (Stealth+)
You are amphibious.
You can wear up to eight rings at the same time.
You can use your tentacles to constrict eight enemies at once.
Your skin changes colour to match your surroundings (Stealth+).
Your rubbery body absorbs attacks. (AC +1, EV +1)


Message History

Unknown command.
You tentacle-slap the orc but do no damage.
You grab the orc.
The orc is heavily wounded.
You constrict the orc. x2; The orc closely misses you.
The orc hits you with a short sword.
* * * LOW HITPOINT WARNING * * *
Unknown command.
Casting: Magic Dart
Confirm with . or Enter, or press ? or * to list all spells.
You don't have enough magic to cast that spell.
You tentacle-slap the orc but do no damage.
The orc is moderately wounded.
You constrict the orc. x2; The orc closely misses you. x2
Unknown command.
You tentacle-slap the orc.
You kill the orc!
You constrict the orc, but do no damage.
The orc hits you with a short sword.
You die...

##### ... .... ... #..#
#.#
.####+#######..###.####
........$#............#
.........#......>.....#
.....[...#............#
......)..#............#.
...)..o@(#............#.
..##......#.##..##...###
#...>##########...###
#.....? #....... #......
#....... #......#
##....... ##..#..#
#.....<## #######
#########


You could see an orc.

Vanquished Creatures
  4 adders (D:2)
  2 oozes (D:1)
  2 dart slugs
  2 leopard geckos
  3 orcs
  2 giant cockroaches (D:2)
  4 goblins
  6 hobgoblins
  3 jackals (D:1)
  A ball python (D:2)
  4 bats
  5 frilled lizards
  4 kobolds (D:1)
  7 rats
49 creatures vanquished.

Notes
Turn   | Place    | Note
-------+----------+-------------------------------------------
     0 | D:1      | inc the Octopode Conjurer began the quest for the Orb.
     0 | D:1      | Reached XP level 1. HP: 11/11 MP: 3/3
    89 | D:1      | Reached XP level 2. HP: 16/17 MP: 0/5
   129 | D:1      | Learned a level 2 spell: Searing Ray
   390 | D:1      | Reached XP level 3. HP: 21/21 MP: 3/6
   485 | D:1      | Reached skill level 5 in Conjurations
  1172 | D:2      | Found a sparkling altar of Nemelex Xobeh.
  1261 | D:2      | Found a hide-covered altar of Uskayaw.
  1343 | D:2      | Reached XP level 4. HP: 27/27 MP: 0/7
  2096 | D:3      | Noticed doot's ghost (amateur MfSk)
  2138 | D:4      | HP: 1/27 [orc/short sword (2)]
  2140 | D:4      | Slain by an orc

Skill      XL: |  1  2  3 |
---------------+----------+-----
Conjurations   | 5 |  5.7
Dodging        | |  2.0
Stealth        | |  2.6
Spellcasting   | |  2.3

Action                   |  1- 3 |  4- 6 || total
-------------------------+-------+-------++-------
Melee: Unarmed           |    14 |    10 ||    24
       Constrict         |     4 |     2 ||     6
       Tentacles         |     4 |     1 ||     5
 Cast: Magic Dart        |    61 |    44 ||   105
  Eat: Chunk             |     2 |     2 ||     4
Armor: Skin              |     1 |     2 ||     3
Dodge: Dodged            |    26 |    12 ||    38
